 Dungeon Crawl Stone Soup version 0.29-a0-393-g47a863cc1b (webtiles) character file.

Game seed: 7794751191717461049

347 sammy202020 the Skirmisher (level 6, -3/49 HPs)
             Began as a Demonspawn Berserker on May 11, 2022.
             Was a Believer of Trog.
             Slain by a gnoll
             ... wielding a +1 halberd of protection
             ... led by a gnoll shaman
              (10 damage)
             ... on level 4 of the Dungeon.
             The game lasted 00:04:36 (3437 turns).

sammy202020 the Skirmisher (Demonspawn Berserker)   Turns: 3437, Time: 00:04:37

Health: -3/49      AC:  7    Str: 17    XL:     6   Next: 32%
Magic:  6/6        EV: 10    Int: 10    God:    Trog [**....]
Gold:   149        SH:  4    Dex: 13    Spells: 5/5 levels left

rFire   . . .      SeeInvis .   a - +0 hand axe
rCold   . . .      Faith    .   (no shield)
rNeg    . . .      Spirit   .   n - +0 scale mail
rPois   .          Reflect  .   (no helmet)
rElec   .          Harm     .   (no cloak)
rCorr   .          Rampage  .   m - +0 pair of gloves
Will    .....                   (no boots)
Stlth   ..........              (no amulet)
HPRegen 0.16/turn               (no ring)
MPRegen 0.10/turn               (no ring)

@: no status effects
A: condensation shield, demonic touch 1
a: Renounce Religion, Berserk, Trog's Hand


You were on level 4 of the Dungeon.
You worshipped Trog.
Trog was pleased with you.
You visited 1 branch of the dungeon, and saw 4 of its levels.

You collected 149 gold pieces.

Inventory:

Hand Weapons
 a - a +0 hand axe (weapon)
 l - a +0 flail
Missiles
 i - 2 boomerangs (quivered)
Armour
 m - a +0 pair of gloves (worn)
 n - a +0 scale mail (worn)
Jewellery
 g - a ring of ice
 h - a ring of positive energy
Wands
 f - a wand of digging (4)
Scrolls
 j - a scroll of vulnerability {unknown}
Potions
 b - 2 potions of haste
 c - a potion of attraction
 d - a potion of might {unknown}
 e - 3 potions of heal wounds
 k - a potion of degeneration {unknown}


   Skills:
 * Level 4.7 Fighting
 * Level 4.3 Axes
 + Level 2.9 Armour
 + Level 2.9 Dodging
 * Level 0.5 Unarmed Combat


You had 5 spell levels left.
You didn't know any spells.
Your spell library was empty.

Dungeon Overview and Level Annotations

Branches:
Dungeon (4/15)
 Temple: D:4-7

Altars:
Ru
Trog


Innate Abilities, Weirdness & Mutations

A meltable shield of frost defends you. (SH +4)
Your touch may inflict minor irresistible damage on your foes.


Message History

The gnoll shouts! x2; You hear a shout!
You see here a scroll of identify.
There are monsters nearby!
A gnoll shaman comes into view. It is wielding a +0 club.
The gnoll shaman shouts!
You hear a shout!
A gnoll comes into view. It is wielding a +0 halberd.
The gnoll shouts!
The gnoll hits you with a +0 whip. The gnoll barely misses you.
The gnoll moves out of view.
You barely miss the gnoll. You hit the gnoll but do no damage.
The gnoll hits you with a +0 whip. The gnoll barely misses you.
A gnoll comes into view. It is wielding a +0 club.
You hit the gnoll but do no damage. You closely miss the gnoll.
The gnoll hits you with a +0 whip.
You hit the gnoll shaman but do no damage.
You barely miss the gnoll. You hit the gnoll but do no damage.
The gnoll closely misses you. You block the gnoll's attack.
The gnoll shaman barely misses you.
You barely miss the gnoll shaman. You hit the gnoll but do no damage.
You slash the gnoll! The gnoll closely misses you.
You block the gnoll's attack.
The gnoll hits you with a +1 halberd of protection.
The gnoll shaman closely misses you.
You slash the gnoll!
You kill the gnoll!
Trog accepts your kill.
You hit the gnoll but do no damage. You hit the gnoll shaman.
The gnoll misses you.
The gnoll hits you with a +1 halberd of protection.
The gnoll shaman hits you with a +0 club!
You completely miss the gnoll. Your touch misses the gnoll.
You hit the gnoll shaman but do no damage.
The gnoll hits you from afar with a +0 halberd!
* * * LOW HITPOINT WARNING * * *
The gnoll barely misses you.
The gnoll shaman hits you but does no damage.
The gnoll hits you with a +0 halberd.
* * * LOW HITPOINT WARNING * * *
The gnoll hits you with a +1 halberd of protection!
You die...

.. ..### ..#####...#####
....#.#....#..#
...............
................#
............##..#
....##gg.....#..#
.......@g........
......g..........
....##.............#
.....#....$......... .
#......?.........##
#.##................###
...#..................#
#......).......##.....##
#...##........###......#


You could see a gnoll shaman and 3 gnolls.

Vanquished Creatures
  A necrophage (D:3)
  2 orc priests (D:3)
  An orc wizard (D:3)
  An iguana (D:4)
  4 gnolls
  6 adders
  3 worms
  A dart slug (D:1)
  6 orcs
  6 endoplasms
  3 giant cockroaches
  5 goblins
  2 hobgoblins
  4 jackals
  A quokka (D:3)
  5 ball pythons
  5 bats
  2 frilled lizards
  8 kobolds
  9 rats
75 creatures vanquished.

Notes
Turn   | Place    | Note
-------+----------+-------------------------------------------
     0 | D:1      | sammy202020 the Demonspawn Berserker began the quest for
                  | the Orb.
     0 | D:1      | Reached XP level 1. HP: 18/18 MP: 1/1
     6 | D:1      | Noticed a swamp drake
     6 | D:1      | Noticed a killer bee
     7 | D:1      | Noticed a komodo dragon
     7 | D:1      | Noticed a wolf
   353 | D:1      | Gained mutation: A meltable shield of frost defends you.
                  | (SH +4) [demonic ancestry]
   353 | D:1      | Reached XP level 2. HP: 24/24 MP: 2/2
   487 | D:1      | Found a faded altar of an unknown god.
   909 | D:2      | Reached XP level 3. HP: 29/29 MP: 3/3
  1336 | D:3      | Reached ** piety under Trog
  1413 | D:3      | Reached XP level 4. HP: 37/37 MP: 4/4
  1426 | D:3      | Reached XP level 5. HP: 10/42 MP: 5/5
  1749 | D:3      | Found a faded altar of an unknown god.
  1760 | D:3      | Found a sacrificial altar of Ru.
  2668 | D:3      | Gained mutation: Your touch may inflict minor irresistible
                  | damage on your foes. [demonic ancestry]
  2668 | D:3      | Reached XP level 6. HP: 40/49 MP: 6/6
  3095 | D:3      | Found a bloodstained altar of Trog.
  3437 | D:4      | Slain by a gnoll

Illustrated notes

Levels and vault maps discovered:
D:1:      onia_arrival_zoo_common, layout_basic,
          shapermc_ecumenical_altar_pompeii
D:2:      layout_rooms, corexii_corridor_pit
D:3:      minmay_recursive_quarters, layout_rooms,
          nicolae_overflow_ecumenical_swirl, mainiacjoe_overflow_alcove_4,
          minivault_5, minivault_27
D:4:      layout_cave_pools, minmay_temple_entry_offerings

Skill      XL: |  1  2  3  4  5 |
---------------+----------------+-----
Axes           | 3 4 |  4.3
Armour         | 2 |  2.9
Dodging        | 2 |  2.9
Fighting       | 4 |  4.7
Unarmed Combat | |  0.5

Action                   |  1- 3 |  4- 6 || total
-------------------------+-------+-------++-------
Melee: Hand axe          |    90 |   135 ||   225
       Punch             |       |     2 ||     2
       Touch             |       |    14 ||    14
Invok: Berserk           |     1 |     2 ||     3
       Trog's Hand       |       |     2 ||     2
  Use: Scroll            |     4 |     5 ||     9
Armor: Animal skin       |     4 |       ||     4
       Ring mail         |    25 |    43 ||    68
       Scale mail        |       |     2 ||     2
Dodge: Dodged            |    71 |    82 ||   153
Block: Other             |    17 |    29 ||    46

Table legend: (Time is in decaauts)
 A = Elapsed time spent in this place.
 B = Non-inter-level travel time spent in this place.
 C = Inter-level travel time spent in this place.
 D = Time resting spent in this place.
 E = Time spent auto-exploring this place.
 F = Levels seen in this place.
 G = Mean time per level.
                   A        B        C        D        E       F      G
               +--------+--------+--------+--------+--------+-----+--------+
         Total |   3487 |   3419 |     68 |    644 |   2077 |   4 |  871.8 |
       Dungeon |   3487 |   3419 |     68 |    644 |   2077 |   4 |  871.8 |
               +--------+--------+--------+--------+--------+-----+--------+

Top non-repeatable levels by time:
     D:3: 2020 daAuts
     D:2: 692 daAuts
     D:1: 604 daAuts
     D:4: 170 daAuts
